 Dungeon Crawl Stone Soup version 0.28-a0-6-g334057b17a (webtiles) character file.

Game seed: 9920584127607756213

28 Blejac999 the Magician (level 3, -1/25 HPs)
             Began as a Djinni Conjurer on July 23, 2021.
             Slain by a quokka (3 damage)
             ... on level 1 of the Dungeon.
             The game lasted 00:01:40 (1160 turns).

Blejac999 the Magician (Djinni Conjurer)            Turns: 1160, Time: 00:01:40

Health: -1/25      AC:  2    Str:  6    XL:     3   Next: 30%
Gold:   3          EV: 12    Int: 20    God:
                   SH:  0    Dex: 11

rFire   + + .      SeeInvis .   (no weapon)
rCold   x . .      Faith    .   (no shield)
rNeg    . . .      Spirit   .   a - +0 robe
rPois   ∞          Reflect  .   (no helmet)
rElec   .          Harm     .   (no cloak)
rCorr   .          Rampage  .   (no gloves)
Will    .....                   (boots unavailable)
Stlth   ++........              (no amulet)
HPRegen 0.08/turn               (no ring)
MPRegen 0.00/turn               (no ring)

@: flying
A: sickness immunity, fire resistance 2, cold vulnerability 1, float, innate
caster, hp casting, extra vitality 1
a: no special abilities


You were on level 1 of the Dungeon.
You visited 1 branch of the dungeon, and saw 1 of its levels.

You collected 3 gold pieces.

Inventory:

Armour
 a - a +0 robe (worn)
Scrolls
 b - a scroll of enchant weapon


   Skills:
 + Level 2.3 Dodging
 + Level 1.7 Stealth
 + Level 3.9 Spellcasting


You couldn't memorise any spells.
You knew the following spells:

 Your Spells              Type           Power      Damage    Failure   Level
a - Magic Dart            Conj           76%        1d6       2%          1
b - Searing Ray           Conj           38%        3d4       4%          2
c - Dazzling Flash        Conj/Hex       38%        N/A       8%          3
d - Fulminant Prism       Conj/Hex       9%         3d7       26%         4
e - Iskenderun's Mystic   Conj/Tloc      19%        2d6       26%         4
f - Apportation           Tloc           38%        N/A       2%          1
Your spell library was empty.

Dungeon Overview and Level Annotations

Branches:
Dungeon (1/15)

Altars:


Innate Abilities, Weirdness & Mutations

You are immune to sickness and miasma.
You are immune to poison.
Your flesh is very heat resistant. (rF++)
You are vulnerable to cold. (rC-)
You float through the air rather than walking.
You learn spells naturally, not from books.
Your magical power is your life essence.
You have superior vitality. (+4 HP)


Message History

The jackal is heavily wounded.
The jackal closely misses you.
The magic dart hits the jackal but does no damage.
The jackal is moderately wounded.
The jackal misses you.
The magic dart hits the jackal.
You kill the jackal!
The magic dart hits the jackal.
The jackal is heavily wounded.
The goblin barely misses you. The jackal bites you.
The magic dart hits the jackal.
You kill the jackal!
The goblin misses you.
The magic dart hits the quokka.
The quokka is moderately wounded.
The quokka bites you. The goblin hits you with a +0 dagger.
You are too injured to fight recklessly!
You are too injured to fight recklessly!
You are too injured to fight recklessly!
The quokka bites you.
* * * LOW HITPOINT WARNING * * *
Casting: Magic Dart (safe; 2% risk of failure)
Confirm with . or Enter, or press ? or * to list all spells.
Aiming: Magic Dart (safe; 2% risk of failure)
Press: ? - help, Shift-Dir - straight line, f/p - quokka
Aim: a quokka (lightly wounded, 100% to hit)
The magic dart hits the quokka.
The quokka is almost dead.
* * * LOW HITPOINT WARNING * * *
The quokka completely misses you. The quokka barely misses you.
The quokka bites you.
* * * LOW HITPOINT WARNING * * *
You aren't carrying any potions.
Okay, then.
The quokka twitches its whiskers.
A hobgoblin comes into view.
The hobgoblin shouts!
The quokka bites you.
You die...

#.#...................# #.#†.....
#.#...................# #.#......
#.#.########..........###.####.##
.........................>...#.##
#.#.########.....................
#.#.# #.g...g....######.#.##
..†g# #..........# #.#.## .....
#...r......# #.#.## ....#.
##....@.....#### #.#... ...##..
.................###.####
#################.######..##.#
.........................#.##
.........................#..#
.≈≈≈≈≈≈≈≈≈≈≈≈≈≈≈≈≈≈≈≈≈≈≈....#
.≈≈≈≈≈≈≈≈≈≈≈≈≈≈≈≈≈≈≈≈≈≈≈....#
.≈≈≈≈≈≈≈≈≈≈≈≈≈≈≈≈≈≈≈≈≈≈≈....##
...≈≈≈#+#'#≈≈≈≈≈≈≈#'#+#≈≈≈......


You could see a quokka, a hobgoblin and a goblin.

Vanquished Creatures
  2 endoplasms (D:1)
  2 goblins (D:1)
  A hobgoblin (D:1)
  8 jackals (D:1)
  A quokka (D:1)
  4 ball pythons (D:1)
  A bat (D:1)
  4 frilled lizards (D:1)
  A rat (D:1)
24 creatures vanquished.

Notes
Turn   | Place    | Note
-------+----------+-------------------------------------------
     0 | D:1      | Blejac999 the Djinni Conjurer began the quest for the Orb.
     0 | D:1      | Reached XP level 1. HP: 15/15 MP: 0/0
   224 | D:1      | Reached XP level 2. HP: 8/21 MP: 0/0
  1025 | D:1      | Reached XP level 3. HP: 23/25 MP: 0/0
  1025 | D:1      | Learned a level 1 spell: Apportation
  1155 | D:1      | HP: 1/25 [quokka (4)]
  1160 | D:1      | Slain by a quokka

Illustrated notes

Levels and vault maps discovered:
D:1:      dpeg_arrival_castle, layout_basic

Action                   || total
-------------------------++-------
Melee: Unarmed           ||     1
 Cast: Magic Dart        ||    55
  Use: Scroll            ||     2
Armor: Robe              ||     1
Dodge: Dodged            ||    12

Table legend: (Time is in decaauts)
 A = Elapsed time spent in this place.
 B = Non-inter-level travel time spent in this place.
 C = Inter-level travel time spent in this place.
 D = Time resting spent in this place.
 E = Time spent auto-exploring this place.
 F = Levels seen in this place.
 G = Mean time per level.
                   A        B        C        D        E       F      G
               +--------+--------+--------+--------+--------+-----+--------+
         Total |   1160 |   1160 |      0 |    268 |    767 |   1 | 1160.0 |
       Dungeon |   1160 |   1160 |      0 |    268 |    767 |   1 | 1160.0 |
               +--------+--------+--------+--------+--------+-----+--------+

Top non-repeatable levels by time:
     D:1: 1160 daAuts
